 Dungeon Crawl Stone Soup version 0.26-a0-665-gefeb406119 (webtiles) character file.

Game seed: 1724731023464698376

408 jasper the Chiller (level 6, -3/28 HPs)
             Began as a Vine Stalker Ice Elementalist on Oct 15, 2020.
             Slain by a two-headed ogre
             ... wielding a +0 giant spiked club
              (18 damage)
             ... on level 5 of the Dungeon.
             The game lasted 00:05:32 (3407 turns).

jasper the Chiller (Vine Stalker Ice Elementalist)  Turns: 3407, Time: 00:05:34

Health: -3/28      AC: 11    Str: 11    XL:     6   Next: 88%
Magic:  0/12       EV: 12    Int: 17    God:
Gold:   256        SH:  0    Dex: 14    Spells: 5/12 levels left

rFire    . . .     SeeInvis .   f - +0 whip
rCold    . . .     Faith    .   (no shield)
rNeg     . . .     Spirit   +   a - +0 robe
rPois    .         Reflect  .   v - +0 helmet
rElec    .         Harm     .   (no cloak)
rCorr    .         Rampage  .   e - +0 pair of gloves
MR       .....                  (no boots)
Stlth    ++........             (no amulet)
HPRegen  0.49/turn              (no ring)
MPRegen  0.13/turn              (no ring)

@: icy armour
A: fangs 2, regeneration 1, magic shield, antimagic bite, no potion heal 3, rot
immunity
a: no special abilities


You were on level 5 of the Dungeon.
You visited 1 branch of the dungeon, and saw 5 of its levels.

You collected 256 gold pieces.

Inventory:

Hand Weapons
 f - a +0 whip (weapon)
Missiles
 d - 23 bolts
 k - 18 poisoned darts (quivered)
 q - 4 boomerangs of dispersal
Armour
 a - a +0 robe (worn)
 e - a +0 pair of gloves (worn)
 g - a +0 leather armour
 i - a +0 buckler
 v - a +0 helmet (worn)
Magical Staves
 u - an uncursed staff of poison
Jewellery
 r - an uncursed amulet of regeneration {unknown}
Wands
 s - a wand of disintegration (14)
Scrolls
 b - a scroll of fear {unknown}
 c - 3 scrolls of teleportation {unknown}
 h - a scroll of enchant armour {unknown}
 l - 5 scrolls of enchant weapon {unknown}
 m - 7 scrolls of identify {unknown}
 o - 2 scrolls of remove curse {unknown}
Potions
 j - a potion of cancellation {unknown}
 n - a potion of heal wounds {unknown}
 p - a potion of might {unknown}
 t - 2 potions of ambrosia {unknown}
 w - a potion of mutation {unknown}


   Skills:
 - Level 1.5 Dodging
 - Level 2.4 Stealth
 + Level 2.4 Shields
 + Level 3.7 Spellcasting
 * Level 6.6 Ice Magic


You had 5 spell levels left.
You knew the following spells:

 Your Spells              Type           Power        Failure   Level
a - Freeze                Ice            ####         1%          1
b - Frozen Ramparts       Ice            ####..       3%          3
c - Ozocubu's Armour      Ice            ####....     3%          3

Your spell library contained the following spells:

 Spells                   Type           Power        Failure   Level
 Hailstorm                Conj/Ice       ##......     38%         4
 Summon Ice Beast         Ice/Summ       ##......     38%         4


Dungeon Overview and Level Annotations

Branches:
Dungeon (5/15)
 Temple: D:4-7

Altars:
Nemelex Xobeh
Uskayaw

Annotations:
D:2 Robin
D:4 2 runed translucent doors, marklar909's ghost, amateur FoAK


Innate Abilities, Weirdness & Mutations

You have extremely sharp teeth.
Your natural rate of healing is unusually fast.
When hurt, damage is shared between your health and your magic reserves.
Your bite disrupts and absorbs the magic of your enemies.
Potions cannot restore your health.
You are immune to rotting.


Message History

Casting: Frozen Ramparts (dangerous; 3% risk of failure)
Confirm with . or Enter, or press ? or * to list all spells.
A film of ice covers your body!
You now have 3/12 mp.
Unknown command.
You hit the two-headed ogre. You bite the two-headed ogre. You drain its power.
You feel invigorated.
The two-headed ogre is heavily wounded.
The wall freezes the two-headed ogre.
The two-headed ogre completely misses you.
The two-headed ogre hits you with a +0 giant spiked club!
You take 8 damage, and have 15/28 hp.
MASSIVE DAMAGE!!
You now have 2/12 mp.
Evoke which item? (* to show all) (? for menu, Esc to quit)
Aiming: Disintegrate
Press: ? - help, Shift-Dir - straight line, f/p - two-headed ogre
Aim: a two-headed ogre, wielding two +0 giant spiked clubs (heavily wounded, chance to defeat MR: 48%)
The two-headed ogre is blasted!!
The frozen ramparts melt away.
The two-headed ogre hits you with a +0 giant spiked club!!
Ouch! That really hurt!
You die...

..#..(#..## #.#..#.######
..#..(#..# #............
..#####.## #............
........# ##..#........
...###########...#.#####.
#.#...).....##..##...
##.########.##..# ###.#
#O##..#####.##
#@##..........
#.###.#....... #.#
#.#.###.## #†###.#.# #
###.....#.###.#
#...#.........##
######.......#.......
........###...######
#####..#.#$#.#..##


You could see a two-headed ogre.

Vanquished Creatures
  A water moccasin (D:5)
  A howler monkey (D:5)
  A hound (D:4)
  A centaur zombie (D:5)
  An orc priest (D:3)
  An iguana (D:4)
  2 orc wizards (D:3)
  2 worker ants
  An adder (D:4)
  An ooze (D:5)
  An adder skeleton (D:4)
  A leopard gecko (D:3)
  2 orcs (D:3)
  4 bats
  5 goblins
  A hobgoblin (D:3)
  2 jackals (D:3)
  3 quokkas
  A ball python (D:5)
  5 frilled lizards
  A kobold (D:1)
  2 quokka skeletons (D:4)
  4 rats
44 creatures vanquished.

Notes
Turn   | Place    | Note
-------+----------+-------------------------------------------
     0 | D:1      | jasper the Vine Stalker Ice Elementalist began the quest
                  | for the Orb.
     0 | D:1      | Reached XP level 1. HP: 9/9 MP: 4/4
   340 | D:1      | Reached XP level 2. HP: 11/13 MP: 3/6
   681 | D:2      | Noticed Robin
  1713 | D:3      | Reached XP level 3. HP: 16/16 MP: 5/7
  1718 | D:3      | Learned a level 3 spell: Frozen Ramparts
  1866 | D:3      | Reached skill level 5 in Ice Magic
  1883 | D:3      | Gained mutation: Your natural rate of healing is unusually
                  | fast. [Vine Stalker growth]
  1883 | D:3      | Reached XP level 4. HP: 16/21 MP: 3/8
  1888 | D:3      | Reached skill level 1 in Shields
  2206 | D:4      | Reached XP level 5. HP: 24/24 MP: 6/10
  2211 | D:4      | Learned a level 3 spell: Ozocubu's Armour
  2700 | D:4      | Found a sparkling altar of Nemelex Xobeh.
  2784 | D:4      | Found a runed translucent door.
  2788 | D:4      | Noticed marklar909's ghost (amateur FoAK)
  2808 | D:4      | Found a runed translucent door.
  2884 | D:4      | Reached skill level 6 in Ice Magic
  3024 | D:5      | Entered Level 5 of the Dungeon
  3123 | D:5      | Reached XP level 6. HP: 16/28 MP: 6/11
  3179 | D:5      | Found a hide-covered altar of Uskayaw.
  3179 | D:5      | Noticed a +0 hand axe
  3179 | D:5      | Noticed a +0 hand axe
  3231 | D:5      | Noticed a water moccasin
  3316 | D:5      | Killed a water moccasin
  3394 | D:5      | Noticed a two-headed ogre
  3407 | D:5      | Slain by a two-headed ogre

Illustrated notes

Levels and vault maps discovered:
D:1:      dpeg_arrival_boxorama, layout_basic
D:2:      layout_basic, grunt_temple_overflow_open, grunt_qazlal_sundering,
          chequers_ecumenical_altar_simple, uniq_robin
D:3:      layout_basic
D:4:      layout_loops_corners, ebering_ghost_sewer_f,
          nemelex_spade_bored_becter
D:5:      layout_loops_ring, dancing_weapons_uskayaw, serial_shops,
          nicolae_shop_stone, minmay_fractal_squares_5

Skill      XL: |  1  2  3  4  5 |
---------------+----------------+-----
Ice Magic      | 5 6 |  6.6
Shields        | 1 2 |  2.4
Spellcasting   | 3 |  3.7
Dodging        | |  1.5
Stealth        | |  2.4

Action                   |  1- 3 |  4- 6 || total
-------------------------+-------+-------++-------
Melee: Whip              |    19 |    55 ||    74
       Bite              |     4 |    21 ||    25
Throw: Dart              |    18 |    14 ||    32
 Cast: Freeze            |    19 |     4 ||    23
       Frozen Ramparts   |     2 |    10 ||    12
       Ozocubu's Armour  |       |     6 ||     6
Evoke: Wand              |       |     2 ||     2
Armor: Robe              |     4 |    11 ||    15
Dodge: Dodged            |    20 |    41 ||    61

Table legend: (Time is in decaauts)
 A = Elapsed time spent in this place.
 B = Non-inter-level travel time spent in this place.
 C = Inter-level travel time spent in this place.
 D = Time resting spent in this place.
 E = Time spent auto-exploring this place.
 F = Levels seen in this place.
 G = Mean time per level.
                   A        B        C        D        E       F      G
               +--------+--------+--------+--------+--------+-----+--------+
         Total |   3415 |   3242 |    173 |    463 |   2294 |   5 |  683.0 |
       Dungeon |   3415 |   3242 |    173 |    463 |   2294 |   5 |  683.0 |
               +--------+--------+--------+--------+--------+-----+--------+

Top non-repeatable levels by time:
     D:3: 1020 daAuts
     D:1: 962 daAuts
     D:4: 962 daAuts
     D:5: 312 daAuts
     D:2: 158 daAuts
